AoeStats
← BichiArana

Four Lakes

510270051Analyzed
1v1 RM · 2d ago on Sep 30, 2026· 21m 6s· 2 players
Game mode
Random Map
Map size
Tiny (2 player)
Population
200
Speed
Normal
Resources
Standard
Victory
Conquest
Starting age
Dark Age
Ending age
Imperial Age
RankedLock teamsTeams togetherTeam positionsShared explorationLock speedFull tech treeHidden civsTurbo modeCheats
Victory
Defeat
🇨🇦 Lithuanians · Canada
744
+1
🇪🇸 Slavs · Spain
26
-1
BichiArana
0:32 Loom
13:17 Feudal Age
15:34 Fishing Lines
17:57 Horse Collar
18:07 Double-Bit Axe
Eyeball013
8:31 Loom
10:20 Feudal Age
15:42 Town Watch
16:28 Bloodlines
18:36 Castle Age
17:12 Fishing Lines
20:02 Husbandry
21:17 Forging
Connection lost

Rejoining the realm…

Still unreachable

The connection could not be restored.

Session expired

The server has moved on; the page needs a fresh start.